 Dungeon Crawl Stone Soup version 0.23.2-33-g5129a83184 (webtiles) character file.

Game seed: 9982685984889954599

33194 FishyPogo the Spry (level 13, -5/71 HPs)
             Began as a Spriggan Wanderer on Aug 8, 2019.
             Was an Initiate of Gozag.
             Slain by an ice devil (9 damage)
             ... in an ice cave.
             The game lasted 02:36:58 (24380 turns).

FishyPogo the Spry (Spriggan Wanderer)             Turns: 24380, Time: 02:36:59

Health: -5/71      AC:  8    Str:  9    XL:     13   Next: 35%
Magic:  21/21      EV: 37    Int: 12    God:    Gozag
Gold:   3171       SH:  0    Dex: 31    Spells: 16/18 levels left

rFire    + . .     SeeInvis +   a - +2 dagger (pierce)
rCold    + . .     Gourm    .   (shield restricted)
rNeg     . . .     Faith    .   r - +2 robe of Intuition {rCorr Str-5 Dex+4 Slay+2}
rPois    +         Spirit   .   I - +1 hat
rElec    +         Reflect  .   s - +2 cloak {rPois}
rCorr    +         Harm     .   (gloves unavailable)
MR       ++...                  (boots unavailable)
Stlth    +++++++...             (no amulet)
HPRegen  0.21/turn              x - ring of stealth
MPRegen  0.17/turn              G - +6 ring of dexterity

@: mighty, resistant, hasted, very quick
A: very small, unfitting armour, see invisible, herbivore, speed 3, slow
metabolism 2
a: Potion Petition, Call Merchant, Bribe Branch, Renounce Religion


You were in an ice cave.
You worshipped Gozag.
Gozag was most pleased with you.
You were very hungry.

You visited 3 branches of the dungeon, and saw 18 of its levels.
You also visited: Ossuary and Ice Cave.

You collected 4875 gold pieces.
You spent 274 gold pieces at shops.
You paid 1430 gold pieces to Gozag.

Inventory:

Hand Weapons
 a - a +2 dagger of piercing (weapon)
 b - a +2 hand crossbow of freezing
 h - a cursed +4 falchion of electrocution
Missiles
 d - 25 bolts
 i - 478 stones (quivered)
 n - 12 tomahawks
Armour
 f - a +0 robe
 r - the +2 robe of Intuition (worn) {rCorr Str-5 Dex+4 Slay+2}
   (You found it on level 1 of the Lair of Beasts)

   It affects your strength (-5).
   It affects your dexterity (+4).
   It affects your accuracy and damage with ranged weapons and melee attacks
   (+2).
   It provides partial protection from all sources of acid and corrosion.
 s - a +2 cloak of poison resistance (worn)
 u - a +1 robe of the Archmagi
 I - a +1 hat (worn)
Jewellery
 e - an uncursed ring of protection from fire
 k - an uncursed ring of protection from magic
 l - an uncursed ring of magical power
 p - an uncursed ring of ice
 x - a ring of stealth (left hand)
 z - an uncursed ring of ice
 D - a +6 ring of dexterity
 G - a +6 ring of dexterity (right hand)
 J - an uncursed amulet of rage
 L - an uncursed ring of magical power
Wands
 q - a wand of flame (22)
 w - a wand of paralysis (26)
 C - a wand of polymorph (19)
 K - a wand of iceblast (10)
Scrolls
 j - 8 scrolls of identify
 o - 7 scrolls of teleportation
 t - 9 scrolls of remove curse
 y - 6 scrolls of enchant weapon
 M - 3 scrolls of fog
Potions
 c - 3 potions of berserk rage
 m - 5 potions of curing
 v - a potion of brilliance
 A - 2 potions of magic
 B - 5 potions of flight
 E - a potion of agility
 F - 2 potions of lignification
Miscellaneous
 H - a lightning rod (4/4)
 N - a phantom mirror
Comestibles
 g - 9 rations


   Skills:
 * Level 9.7 Fighting
 - Level 10.0 Short Blades
   Level 1.5 Axes
 + Level 9.4 Crossbows
 + Level 15.3 Dodging
 + Level 11.5 Stealth
 - Level 3.0 Spellcasting
 - Level 3.0 Hexes
 + Level 9.4 Evocations


You had 16 spell levels left.
You knew the following spells:

 Your Spells              Type           Power        Failure   Level  Hunger
a - Slow                  Hex            #.......     11%         2    ###....

Your spell library contained the following spells:

 Spells                   Type           Power        Failure   Level  Hunger
 Confusing Touch          Hex            #.....       7%          1    #......
 Corona                   Hex            #......      7%          1    #......
 Animate Skeleton         Necr           N/A          24%         1    #......
 Apportation              Tloc           #.....       24%         1    #......
 Summon Small Mammal      Summ           #...         24%         1    #......
 Poisonous Vapours        Pois/Air       #.....       36%         2    ###....
 Inner Flame              Hex/Fire       #.......     36%         3    ###....
 Portal Projectile        Hex/Tloc       #.....       36%         3    ###....
 Cause Fear               Hex            #.........   56%         4    #####..
 Conjure Flame            Conj/Fire      #.......     58%         3    ###....
 Mephitic Cloud           Conj/Pois/Air  #.......     58%         3    ###....
 Leda's Liquefaction      Hex/Erth       #.........   78%         4    #####..
 Bolt of Magma            Conj/Fire/Erth #.........   100%        5    ######.
 Iskenderun's Battlesphe  Conj/Chrm      #.......     100%        5    ######.
 Venom Bolt               Conj/Pois      #.........   100%        5    ######.
 Freezing Cloud           Conj/Ice/Air   #.........   100%        6    #######
 Iron Shot                Conj/Erth      #.........   100%        6    #######
 Orb of Destruction       Conj           #.........   100%        7    #######
 Ring of Flames           Chrm/Fire      #.........   100%        7    #######
 Spellforged Servitor     Conj/Summ      #.........   100%        7    #######


Dungeon Overview and Level Annotations

Branches:
Dungeon (13/15)            Temple (0/1) D:4            Lair (4/6) D:11
 Shoals (0/4) Lair:3       Spider (0/4) Lair:3          Orc (1/2) D:12
 Vaults (0/5) D:13

Altars:
Cheibriados
Elyvilon
Fedhas
Gozag
Makhleb
Okawaru
Ru
Sif Muna
Trog
Wu Jian
Yredelemnul
Zin
The Shining One
Beogh

Shops:
D:7 [   D:9 *

Annotations:
D:6 1 exclusion
D:8 Grum, Joseph
D:9 exclusion: hornet
D:10 exclusion: gargoyle
D:13 1 runed translucent door, ikjuyhgtrf's ghost, journeyman MiFi
Lair:2 exclusion: oklob plant


Innate Abilities, Weirdness & Mutations

You are very small and have problems with some larger weapons.
You are too small for most types of armour.
You have supernaturally acute eyesight. (SInv)
You are a herbivore.
You cover ground extremely quickly.
You need to consume almost no food.


Message History

The ice devil is heavily wounded.
The ice devil closely misses you.
You hit the ice devil but do no damage.
The ice devil is heavily wounded.
You hit the ice devil but do no damage.
The ice devil is heavily wounded.
The ice devil hits you. The ice devil freezes you!!
* * * LOW HITPOINT WARNING * * *
Okay, then.
Okay, then. [a] - 273 gold - resistance and flight [b] - 308 gold - haste and brilliance [c] - 696 gold - resistance, might and haste Purchase which effect?
You feel protected.
You feel very mighty all of a sudden.
You feel yourself speed up. The ice devil hits you!
* * * LOW HITPOINT WARNING * * *
The ice devil freezes you! You resist.
You die...
Your body crumbles into a pile of gold.

#...##
#...##
##...#
##...##
##..(..##
#...∩...#
#...(...#
##..4..##
##.@.##
#####


You could see an ice devil.

Vanquished Creatures
  3 hydras
  A vault guard (D:13)
  An ice dragon (Lair:3)
  Erica (D:9)
  5 two-headed ogres
  2 unseen horrors
  An orc sorcerer (Orc:1)
  2 manticores
  A deep elf mage (D:12)
  A merfolk siren (Lair:3)
  A black mamba (Lair:1)
  A rime drake (Lair:3)
  6 spiny frogs
  3 kobold demonologists (D:13)
  A yaktaur (D:13)
  A tengu conjurer (D:13)
  6 trolls
  A polar bear (Lair:3)
  A hornet (D:7)
  9 hippogriffs
  A shadow (D:13)
  2 wyverns
  A wraith (D:13)
  A vampire (D:13)
  28 yaks
  6 humans (D:13)
  2 basilisks
  A warg (Orc:1)
  A soldier ant (D:9)
  An acid dragon (D:13)
  3 water moccasins
  A porcupine (Lair:3)
  4 black bears
  7 orc warriors
  6 ogres
  4 sky beasts
  3 phantoms
  A hornet zombie (D:11)
  An eye of draining (D:12)
  A necrophage (D:7)
  An ice beast (D:7)
  8 centaurs
  5 crocodiles
  4 wolves
  2 big kobolds (D:13)
  11 bullfrogs
  A wyvern zombie (D:6)
  14 scorpions
  11 wights
  3 killer bees (D:10)
  4 electric eels
  5 howler monkeys
  3 crimson imps
  2 bullfrog zombies
  2 centaur zombies
  5 jellies
  2 quasits
  13 orc priests
  6 hounds
  A bullfrog skeleton (D:8)
  4 centaur skeletons
  2 human zombies (Ossuary)
  3 iguanas
  14 orc wizards
  13 worker ants
  6 big kobold zombies (Ossuary)
  2 hound zombies
  A hound skeleton (D:6)
  3 mummies (Ossuary)
  A howler monkey skeleton (D:4)
  2 scorpion zombies (Ossuary)
  16 adders
  3 shadow imps
  2 oozes
  An adder skeleton (D:5)
  An adder zombie (D:6)
  3 worms
  2 dart slugs (D:2)
  9 leopard geckos
  78 orcs
  9 bats
  9 giant cockroaches
  5 gnoll zombies
  6 goblins
  10 hobgoblins
  6 jackals
  4 quokkas
  3 frilled lizards
  A goblin zombie (Ossuary)
  6 kobolds
  A kobold zombie (Ossuary)
  A quokka skeleton (D:5)
  12 rats
  A plant (Lair:3)
466 creatures vanquished.

Vanquished Creatures (collateral kills)
  A rime drake (Lair:4)
1 creature vanquished.

Vanquished Creatures (others)
  2 humans (D:13)
  A sky beast (D:12)
  A fungus (Lair:2)
  2 plants
6 creatures vanquished.

Grand Total: 473 creatures vanquished

Notes
Turn   | Place    | Note
-------+----------+-------------------------------------------
     0 | D:1      | FishyPogo the Spriggan Wanderer began the quest for the
                  | Orb.
     0 | D:1      | FishyPogo set off with the following items: a +2 dagger, a
                  | potion of berserk rage, a +0 hand crossbow, 21 bolts, a +0
                  | hand axe, a +0 robe, a ration
     0 | D:1      | Reached XP level 1. HP: 11/11 MP: 3/3
    54 | D:1      | Reached skill level 2 in Dodging
   133 | D:1      | Reached XP level 2. HP: 11/16 MP: 4/4
   644 | D:1      | Reached skill level 3 in Dodging
   648 | D:1      | Reached XP level 3. HP: 19/19 MP: 5/5
   661 | D:1      | Reached skill level 1 in Crossbows
   988 | D:2      | Found a snail-covered altar of Cheibriados.
  1409 | D:2      | Reached XP level 4. HP: 23/23 MP: 6/6
  1776 | D:2      | Reached skill level 4 in Dodging
  1947 | D:2      | Reached XP level 5. HP: 28/28 MP: 7/7
  2181 | D:3      | Found an opulent altar of Gozag.
  2182 | D:3      | Found a glowing silver altar of Zin.
  2186 | D:3      | Became a worshipper of Gozag Ym Sagoz the Greedy
  2557 | D:3      | Reached skill level 5 in Dodging
  2845 | D:3      | Found a sacrificial altar of Ru.
  3112 | D:4      | Found a staircase to the Ecumenical Temple.
  3258 | D:4      | Reached XP level 6. HP: 14/32 MP: 8/8
  3445 | D:4      | Found a bloodstained altar of Trog.
  3524 | D:4      | Found a sacrificial altar of Ru.
  3950 | D:4      | Reached skill level 6 in Dodging
  4026 | D:4      | Found a sand-covered staircase.
  4032 | Ossuary  | Entered an ossuary
  4091 | Ossuary  | Reached XP level 7. HP: 34/36 MP: 9/9
  4583 | Ossuary  | Reached skill level 7 in Dodging
  5035 | Ossuary  | Reached skill level 5 in Short Blades
  5106 | Ossuary  | Reached XP level 8. HP: 40/40 MP: 10/10
  5138 | Ossuary  | Reached skill level 8 in Dodging
  5584 | D:4      | Reached skill level 5 in Crossbows
  6031 | D:5      | Entered Level 5 of the Dungeon
  6317 | D:5      | Found a blossoming altar of Fedhas.
  6439 | D:5      | Found a glowing golden altar of the Shining One.
  6440 | D:5      | Found an ornate altar of the Wu Jian Council.
  6910 | D:6      | Reached skill level 5 in Stealth
  7041 | D:6      | Reached skill level 9 in Dodging
  7083 | D:6      | Found a white marble altar of Elyvilon.
  7359 | D:6      | Found an iron altar of Okawaru.
  7609 | D:6      | Found a deep blue altar of Sif Muna.
  7852 | D:7      | Noticed a hippogriff
  7925 | D:7      | Reached XP level 9. HP: 40/44 MP: 11/11
  8369 | D:7      | Found Arewn's Armour Emporium.
  8772 | D:7      | Found a burning altar of Makhleb.
  8850 | D:7      | Reached skill level 10 in Dodging
  9099 | D:8      | Noticed Joseph
  9410 | D:8      | Noticed Grum
 10302 | D:8      | Noticed a two-headed ogre
 10676 | D:9      | Reached skill level 11 in Dodging
 10680 | D:9      | Noticed a two-headed ogre
 10712 | D:9      | Noticed a two-headed ogre
 10747 | D:9      | Noticed a two-headed ogre
 10970 | D:9      | Bought a +2 hand crossbow of freezing for 274 gold pieces
 11058 | D:10     | Entered Level 10 of the Dungeon
 11574 | D:9      | Reached XP level 10. HP: 26/49 MP: 12/12
 11715 | D:9      | Noticed Erica
 11775 | D:9      | Killed Erica
 11775 | D:9      | Reached skill level 10 in Stealth
 11837 | D:9      | Killed a two-headed ogre
 11837 | D:9      | Reached skill level 12 in Dodging
 11900 | D:9      | Killed a two-headed ogre
 12187 | D:9      | Learned a level 2 spell: Slow
 12244 | D:9      | Killed a two-headed ogre
 12601 | D:9      | Found a basalt altar of Yredelemnul.
 12759 | D:10     | Noticed a gargoyle
 12946 | D:10     | Reached skill level 5 in Fighting
 12946 | D:10     | Reached XP level 11. HP: 42/54 MP: 14/16
 13173 | D:10     | Noticed an unseen horror
 13180 | D:10     | Killed an unseen horror
 13527 | D:10     | Reached skill level 10 in Short Blades
 14933 | D:11     | Reached skill level 13 in Dodging
 15007 | D:11     | Found a staircase to the Lair.
 15957 | D:12     | Reached skill level 5 in Evocations
 16259 | D:12     | Found a staircase to the Orcish Mines.
 16424 | D:12     | Noticed a deep elf mage
 16463 | D:12     | Killed a deep elf mage
 17130 | D:13     | Noticed an unseen horror
 17180 | D:13     | Killed an unseen horror
 17180 | D:13     | Reached XP level 12. HP: 56/62 MP: 17/17
 17210 | D:13     | Found a runed translucent door.
 17210 | D:13     | Noticed ikjuyhgtrf's ghost (journeyman MiFi)
 17282 | D:13     | Noticed a two-headed ogre
 17288 | D:13     | Killed a two-headed ogre
 17483 | D:13     | Noticed a two-headed ogre
 17488 | D:13     | Killed a two-headed ogre
 17488 | D:13     | Reached skill level 14 in Dodging
 18561 | D:13     | Noticed a vault guard
 18703 | D:13     | Noticed a vault guard
 18962 | D:13     | Killed a vault guard
 19035 | D:13     | Noticed a vault guard
 19289 | D:13     | Noticed a vault guard
 19343 | D:13     | Found a gate to the Vaults.
 19633 | Orc:1    | Entered Level 1 of the Orcish Mines
 20526 | Orc:1    | Found a roughly hewn altar of Beogh.
 20660 | Lair:1   | Entered Level 1 of the Lair of Beasts
 20946 | Lair:1   | Got a heavily jewelled robe
 20957 | Lair:1   | Identified the +2 robe of Intuition {rCorr Str-5 Dex+4
                  | Slay+2} (You found it on level 1 of the Lair of Beasts)
 21293 | Lair:1   | Noticed a five-headed hydra
 21368 | Lair:1   | Killed a five-headed hydra
 21691 | Lair:2   | Noticed a five-headed hydra
 21698 | Lair:2   | Killed a five-headed hydra
 21698 | Lair:2   | Reached XP level 13. HP: 70/70 MP: 20/20
 22009 | Lair:2   | Reached skill level 15 in Dodging
 22028 | Lair:2   | HP: 3/70 [poisoned by a spiny frog]
 22035 | Lair:2   | HP: 3/70 [poisoned by a spiny frog]
 22043 | Lair:2   | HP: 3/70 [poisoned by a spiny frog]
 23318 | Lair:3   | Found a hole to the Spider Nest.
 23858 | Lair:3   | Found a staircase to the Shoals.
 24296 | Lair:4   | Found a frozen archway.
 24339 | IceCv    | Entered an ice cave
 24380 | IceCv    | Slain by an ice devil

Skill      XL: |  1  2  3  4  5  6  7  8  9 10 11 12 13 |
---------------+----------------------------------------+-----
Dodging        | 2 3 4 5 6 7 9 11 12 13 14 15 | 15.3
Crossbows      | 1 2 3 4 6 7 9 |  9.4
Short Blades   | 2 3 5 6 8 9 10 | 10.0
Fighting       | 3 4 5 7 9 |  9.7
Stealth        | 4 6 9 11 | 11.5
Spellcasting   | 3 |  3.0
Hexes          | 3 |  3.0
Evocations     | 2 6 8 9 |  9.4
Axes           | |  1.5

Action                   |  1- 3 |  4- 6 |  7- 9 | 10-12 | 13-15 || total
-------------------------+-------+-------+-------+-------+-------++-------
Melee: Dagger            |    82 |   215 |   781 |  1286 |   256 ||  2620
 Fire: Hand crossbow     |    35 |   132 |   339 |   636 |    95 ||  1237
Throw: Stone             |    10 |     1 |     2 |     4 |     3 ||    20
 Cast: Slow              |       |       |       |    79 |     4 ||    83
Invok: Call Merchant     |       |       |     1 |       |       ||     1
       Potion Petition   |       |       |       |       |     2 ||     2
 Abil: Evoke Berserk Rag |       |       |     1 |     1 |       ||     2
Evoke: Lightning rod     |       |       |       |     4 |       ||     4
  Use: Potion            |       |     1 |     1 |     6 |     1 ||     9
       Scroll            |       |       |     9 |    10 |     1 ||    20
 Stab: Sleeping          |     4 |     3 |    11 |    31 |    10 ||    59
       Distracted        |       |       |       |     6 |       ||     6
  Eat: Ration            |       |       |     5 |     9 |     1 ||    15
Armor: Robe              |     9 |    15 |    37 |    30 |     6 ||    97
       Skin              |       |     1 |       |    29 |       ||    30
Dodge: Dodged            |    60 |   189 |   580 |   819 |   128 ||  1776
